AoeStats
← betaxy

Arabia

508501868Analyzed
1v1 RM · 9d ago on Sep 22, 2026· 51m 36s· 2 players
Game mode
Random Map
Map size
Tiny (2 player)
Population
200
Speed
Normal
Resources
Standard
Victory
Conquest
Starting age
Dark Age
Ending age
Imperial Age
RankedLock teamsTeams togetherTeam positionsShared explorationLock speedFull tech treeHidden civsTurbo modeCheats
Victory
Defeat
🇨🇴 Random · Colombia
1114
+15
🇩🇪 Random · Germany
1087
-15
betaxy
6:03 Loom
9:08 Feudal Age
10:11 Double-Bit Axe
10:12 Man-at-Arms
10:38 Arson
16:30 Horse Collar
20:36 Scale Mail Armor
23:44 Castle Age
23:06 Forging
25:49 Wheelbarrow
24:42 Pikeman
26:02 Iron Casting
25:46 Squires
26:05 Chain Mail Armor
26:13 Bow Saw
28:29 Heavy Plow
29:31 Gold Mining
31:37 Hand Cart
31:40 Fletching
33:46 Bodkin Arrow
33:52 Padded Archer Armor
34:51 Elite Skirmisher
39:58 Imperial Age
37:56 Leather Archer Armor
38:33 Stone Mining
39:19 Gold Shaft Mining
39:07 Scale Barding Armor
40:12 Thumb Ring
40:07 Gambesons
40:25 Elite Varangian Guard
42:13 Two-Man Saw
42:35 Plate Mail Armor
41:45 Halberdier
45:11 Crop Rotation
44:18 Elite Hearth Troop
45:06 Shield Wall
45:54 Cranequins
48:46 Heavy Mounted Crossbowman
52:15 Chemistry
51:35 Ballistics
SASI8288
6:23 Loom
9:28 Feudal Age
13:26 Bloodlines
15:53 Double-Bit Axe
15:49 Horse Collar
25:59 Castle Age
24:17 Fletching
24:26 Gold Mining
25:03 Scale Barding Armor
26:05 Light Cavalry
26:50 Bodkin Arrow
29:22 Husbandry
32:31 Chain Barding Armor
33:48 Ballistics
34:06 Wheelbarrow
33:21 Town Watch
35:40 Forging
38:16 Iron Casting
38:03 Hand Cart
37:52 Heavy Plow
38:04 Bow Saw
43:37 Imperial Age
40:50 Vendel Legacy
43:01 Padded Archer Armor
43:12 Arson
43:28 Squires
43:13 Gambesons
43:49 Cavalier
45:31 Blast Furnace
45:06 Plate Barding Armor
44:32 Bracer
44:47 Leather Archer Armor
45:44 Chemistry
45:17 Elite Varangian Guard
48:20 Scale Mail Armor
50:37 Elite Jarl
51:19 Gothikon
Connection lost

Rejoining the realm…

Still unreachable

The connection could not be restored.

Session expired

The server has moved on; the page needs a fresh start.